 Dungeon Sprint DCSS version 0.26-a0-660-gc07710193c (webtiles) character file.

Game seed: 2821947223702519351

1323 sahdkjhfkaj the Grappler (level 8, -2/92 HPs)
             Began as a Troll Berserker on Oct 8, 2020.
             Was an Elder of Trog.
             Slain by a centaur warrior
             ... wielding a cursed -2 shortbow
              (9 damage)
             ... in the Dungeon (Sprint IX: "|||||||||||||||||||||||||||||").
             The game lasted 00:00:57 (239 turns).

sahdkjhfkaj the Grappler (Troll Berserker)           Turns: 239, Time: 00:00:57

Health: -2/92      AC:  7    Str: 28    XL:     8   Next: 33%
Magic:  7/7        EV: 10    Int:  6    God:    Trog [****..]
Gold:   0          SH:  0    Dex: 12    Spells: 7/7 levels left

rFire    . . .     SeeInvis .     - Unarmed
rCold    . . .     Faith    .   (no shield)
rNeg     . . .     Spirit   .   a - +0 animal skin
rPois    .         Reflect  .   (helmet restricted)
rElec    .         Harm     .   m - +0 cloak
rCorr    .         Rampage  .   (gloves unavailable)
MR       ++...     NoTele   +   (boots unavailable)
Stlth    +.........             (no amulet)
HPRegen  1.65/turn              l - +3 ring of intelligence
MPRegen  0.10/turn              k - +3 ring of dexterity

@: berserk cooldown, regenerating, slowed, drained, very slow
A: large, unfitting armour, claws 3, regeneration 1, shaggy fur 1, tough skin 3
a: Berserk, Trog's Hand, Brothers in Arms, Renounce Religion


You were in the Dungeon.
You worshipped Trog.
Trog was greatly pleased with you.
You visited 1 branch

Inventory:

Armour
 a - a +0 animal skin (worn)
 m - a +0 cloak (worn)
Jewellery
 k - a +3 ring of dexterity (right claw)
 l - a +3 ring of intelligence (left claw)
Wands
 j - a wand of acid (9)
Scrolls
 g - 2 scrolls of blinking
 i - 3 scrolls of remove curse
Potions
 b - 5 potions of curing
 c - a potion of heal wounds
 d - a potion of haste
 e - 4 potions of magic
 f - a potion of berserk rage
 h - a potion of invisibility


   Skills:
 + Level 9.5(8.7) Fighting
 - Level 2.4(1.7) Dodging
 * Level 14.7(13.8) Unarmed Combat


You had 7 spell levels left.
You didn't know any spells.
Your spell library was empty.

Dungeon Overview and Level Annotations

Branches:
Dungeon (1/1)

Altars:
Cheibriados
Dithmenos
Elyvilon
Fedhas
Gozag
Hepliaklqana
Kikubaaqudgha
Makhleb
Nemelex Xobeh
Okawaru
Qazlal
Ru
Sif Muna
Trog
Uskayaw
Vehumet
Wu Jian
Xom
Yredelemnul
Zin
The Shining One
Beogh
Jiyva
Lugonu


Innate Abilities, Weirdness & Mutations

You are too large for most types of armour.
You have claws for hands.
Your natural rate of healing is unusually fast.
You are covered in fur. (AC +1)
You have extremely tough skin. (AC +3)


Message History

* * * LOW HITPOINT WARNING * * *
The centaur warrior hits you with a cursed -2 shortbow.
* * * LOW HITPOINT WARNING * * *
The wight closely misses you.
Evoke which item? (* to show all) (? for menu, Esc to quit)
Aiming: Corrosive Bolt
Press: ? - help, Shift-Dir - straight line, f/p - centaur warrior
Aim: a centaur warrior, wielding a -2 shortbow and quivering 30 arrows (lightly wounded)
The bolt of acid hits the centaur warrior!
The centaur warrior is splashed with acid.
The acid corrodes the centaur warrior!
The centaur warrior is moderately wounded.
The bolt of acid hits the wight!
The wight is splashed with acid.
The wight is severely damaged.
The bolt of acid hits the worker ant!
The worker ant is splashed with acid.
The worker ant is almost dead.
The centaur warrior hits you with a cursed -2 shortbow.
* * * LOW HITPOINT WARNING * * *
The centaur warrior hits you with a cursed -2 shortbow!
You die...

▓.▓
▓.▓
▓'▓
▓)▓
▓†▓
▓.▓
▓.▓
▓.▓
▓@▓
▓c▓
▓z▓
▓B▓
▓.▓
▓.▓
▓.▓
▓.▓
▓+▓


You could see a centaur warrior (corroded), a worker ant and a wight.

Vanquished Creatures
  A tengu warrior (D)
  An ugly thing (D)
  An orc warrior (D)
  An ogre (D)
  A killer bee (D)
  A hound (D)
  2 adders (D)
  2 white imps (D)
  A dart slug (D)
  A leopard gecko (D)
  A bat skeleton (D)
  A hobgoblin (D)
  A quokka (D)
  A giant cockroach zombie (D)
  2 kobolds (D)
  A rat (D)
19 creatures vanquished.

Notes
Turn   | Place    | Note
-------+----------+-------------------------------------------
     0 | D        | sahdkjhfkaj the Troll Berserker began the quest for the
                  | Orb.
     0 | D        | Reached XP level 1. HP: 22/22 MP: 0/0
    12 | D        | Reached ** piety under Trog
    14 | D        | Reached skill level 4 in Unarmed Combat
    24 | D        | Reached XP level 2. HP: 30/31 MP: 1/1
    27 | D        | Reached *** piety under Trog
    27 | D        | Reached skill level 5 in Unarmed Combat
    36 | D        | Found a roughly hewn altar of Beogh.
    36 | D        | Found a snail-covered altar of Cheibriados.
    36 | D        | Found a shadowy altar of Dithmenos.
    36 | D        | Found a white marble altar of Elyvilon.
    36 | D        | Found a blossoming altar of Fedhas.
    36 | D        | Found an opulent altar of Gozag.
    37 | D        | Found a hazy altar of Hepliaklqana.
    38 | D        | Found a viscous altar of Jiyva.
    39 | D        | Found an ancient bone altar of Kikubaaqudgha.
    40 | D        | Found a corrupted altar of Lugonu.
    41 | D        | Found a burning altar of Makhleb.
    70 | D        | Found a sparkling altar of Nemelex Xobeh.
    71 | D        | Found an iron altar of Okawaru.
    72 | D        | Found a stormy altar of Qazlal.
    73 | D        | Found a sacrificial altar of Ru.
    74 | D        | Found a shimmering blue altar of Sif Muna.
    75 | D        | Found a bloodstained altar of Trog.
    76 | D        | Found a hide-covered altar of Uskayaw.
    77 | D        | Found a radiant altar of Vehumet.
    78 | D        | Found an ornate altar of the Wu Jian Council.
    79 | D        | Found a shimmering altar of Xom.
    80 | D        | Found a basalt altar of Yredelemnul.
    81 | D        | Found a glowing silver altar of Zin.
    82 | D        | Found a glowing golden altar of the Shining One.
   119 | D        | Noticed a killer bee
   119 | D        | Noticed an ogre
   133 | D        | Killed a killer bee
   133 | D        | Reached **** piety under Trog
   133 | D        | Reached skill level 7 in Unarmed Combat
   133 | D        | Reached XP level 3. HP: 28/40 MP: 2/2
   133 | D        | Reached XP level 4. HP: 34/49 MP: 3/3
   137 | D        | Killed an ogre
   137 | D        | Reached skill level 5 in Fighting
   137 | D        | Reached skill level 9 in Unarmed Combat
   137 | D        | Reached XP level 5. HP: 35/58 MP: 4/4
   146 | D        | Reached ***** piety under Trog
   146 | D        | Received a gift from Trog
   216 | D        | Noticed a red ugly thing
   216 | D        | Noticed an orc warrior
   216 | D        | Noticed a tengu warrior
   216 | D        | Noticed a centaur warrior
   222 | D        | Killed a red ugly thing
   222 | D        | Reached skill level 12 in Unarmed Combat
   222 | D        | Reached XP level 6. HP: 52/72 MP: 5/5
   222 | D        | Reached XP level 7. HP: 58/80 MP: 6/6
   224 | D        | Reached skill level 13 in Unarmed Combat
   231 | D        | Killed a tengu warrior
   231 | D        | Reached skill level 14 in Unarmed Combat
   231 | D        | Reached XP level 8. HP: 25/92 MP: 7/7
   239 | D        | Slain by a centaur warrior

Illustrated notes

Levels and vault maps discovered:
D:        linesprint [early_d, line_temple, items_1, d_10, items_2, lair_1,
          lair_end, items_3, orc_1, orc_end, items_4, d_15, swamp_1, shoals_1,
          snake_1, spider_1, d_20, vaults_1, items_5, swamp_end, shoals_end,
          snake_end, spider_end, vaults_end, d_27, items_6, zot_1, zot_end,
          crypt_end, forest_end, elf_end, slime_end, tomb_end, abyss_end,
          pan_hell_end]

Skill      XL: |  1  2  3  4  5  6  7 |
---------------+----------------------+-----
Unarmed Combat | 4 7 9 12 14 | 14.7
Fighting       | 3 4 5 8 9 |  9.5
Dodging        | |  2.4

Action                   |  1- 3 |  4- 6 |  7- 9 || total
-------------------------+-------+-------+-------++-------
Melee: Unarmed           |    31 |    17 |     7 ||    55
       Punch             |       |     2 |       ||     2
Invok: Berserk           |     2 |     1 |       ||     3
       Trog's Hand       |       |       |     1 ||     1
       Brothers in Arms  |       |       |     1 ||     1
Evoke: Wand              |       |       |     1 ||     1
  Use: Potion            |       |       |     2 ||     2
Armor: Animal skin       |     7 |     5 |     3 ||    15
Dodge: Dodged            |    13 |     3 |     5 ||    21

Table legend: (Time is in decaauts)
 A = Elapsed time spent in this place.
 B = Non-inter-level travel time spent in this place.
 C = Inter-level travel time spent in this place.
 D = Time resting spent in this place.
 E = Time spent auto-exploring this place.
 F = Levels seen in this place.
 G = Mean time per level.
                   A        B        C        D        E       F      G
               +--------+--------+--------+--------+--------+-----+--------+
         Total |    250 |    250 |      0 |     97 |     29 |   1 |  250.0 |
       Dungeon |    250 |    250 |      0 |     97 |     29 |   1 |  250.0 |
               +--------+--------+--------+--------+--------+-----+--------+

Top non-repeatable levels by time:
       D: 250 daAuts
